 Dungeon Crawl Stone Soup version 0.30.0-3-ga4e48a9924 (webtiles) character file.

Game seed: 18026820791327352017

168 Irreverend the Digger (level 5, 0/42 HPs)
             Began as a Gargoyle Earth Elementalist on May 7, 2023.
             Slain by an orc priest
             ... wielding a +0 mace
              (2 damage)
             ... on level 4 of the Dungeon.
             The game lasted 00:07:56 (2448 turns).

Irreverend the Digger (Gargoyle Earth Elementalist) Turns: 2448, Time: 00:07:57

Health: 0/42       AC: 22    Str: 11    XL:     5   Next: 49%
Magic:  10/10      EV:  2    Int: 18    God:
Gold:   209        SH:  0    Dex: 16    Spells: 5/11 levels left

rFire   . . .        (no weapon)
rCold   . . .        (no shield)
rNeg    + . .        a - melded +0 robe
rPois   ∞            (helmet currently unavailable)
rElec   .            (cloak currently unavailable)
rCorr   .            (gloves currently unavailable)
SInv    .            (boots currently unavailable)
Will    .....        (no amulet)
Stlth   ++           f - +6 ring of dexterity
HPRegen 0.27/turn    (no ring)
MPRegen 0.12/turn

%: no passive effects
@: mighty, tree-form
A: stationary, stasis, torment immunity, boosted hp, sickness immunity, AC +4,
negative energy resistance 1, (electricity resistance), torment resistance 1,
petrification resistance
a: no special abilities


You were on level 4 of the Dungeon.
You were a tree.
You visited 1 branch of the dungeon, and saw 4 of its levels.

You collected 209 gold pieces.

Inventory:

Missiles
 m - a throwing net
Armour
 a - a +0 robe (melded)
Jewellery
 f - a +6 ring of dexterity (left branch)
 i - an amulet of faith
 j - a +4 ring of protection
 o - a ring of resist corrosion
Scrolls
 d - a scroll of fear {unknown}
 e - 2 scrolls of identify {unknown}
 k - a scroll of vulnerability {unknown}
 l - a scroll of silence {unknown}
 n - 2 scrolls of teleportation {unknown}
 q - a scroll of fog {unknown}
 r - a scroll of enchant armour {unknown}
 s - a scroll of magic mapping {unknown}
Potions
 h - a potion of invisibility {unknown}
 p - a potion of brilliance {unknown}


   Skills:
 - Level 1.5 Dodging
 - Level 2.1 Stealth
 + Level 3.8 Spellcasting
 - Level 0.7 Transmutations
 + Level 5.7 Earth Magic


You had 5 spell levels left.
You knew the following spells:

 Your Spells              Type           Power      Damage    Failure   Level
a - Sandblast             Erth           48%        2d12      1%          1
b - Passwall              Tmut/Erth      12%        N/A       6%          2
c - Stone Arrow           Conj/Erth      26%        3d8       14%         3

Your spell library contained the following spells:

 Spells                   Type           Power      Damage    Failure   Level
 Petrify                  Tmut/Erth      15%        N/A       36%         4


Dungeon Overview and Level Annotations

Branches:
Dungeon (4/15)
 Temple: D:4-7

Altars:
Cheibriados
Makhleb
Qazlal


Innate Abilities, Weirdness & Mutations

You are a tree.
Your roots penetrate the ground, keeping you stationary.
You cannot be teleported.
You are immune to unholy pain and torment.
Your maximum health is greatly increased.
Your equipment is partially melded.
You are immune to sickness and miasma.
((Your stone body is resilient. (AC +4)))
You are immune to poison.
You resist negative energy. (rN+)
((You are resistant to electric shocks. (rElec)))
You are resistant to unholy torment.
You are immune to petrification.


Message History

Press: ? - help, Shift-Dir - straight line, f/p - hound
Aim: a hound (severely wounded, 76% to hit)
The blast of sand hits the orc priest.
The orc priest is lightly wounded.
The orc priest hits you but does no damage.
The orc priest looks braver for a moment.
Casting: Sandblast (safe; 1% risk of failure)
Confirm with . or Enter, or press ? or * to list all spells.
Aiming: Sandblast (safe; 1% risk of failure)
Press: ? - help, Shift-Dir - straight line, f/p - hound
Aim: a hound (severely wounded, 76% to hit)
The blast of sand hits the orc priest but does no damage.
The orc priest is lightly wounded.
The orc priest hits you with a +0 mace.
* * * LOW HITPOINT WARNING * * *
Casting: Sandblast (safe; 1% risk of failure)
Confirm with . or Enter, or press ? or * to list all spells.
You don't have enough magic to cast this spell.
Unknown command.
Magic courses through your body.
The orc priest calls down the wrath of Beogh upon you.
You barely resist.
Casting: Sandblast (safe; 1% risk of failure)
Confirm with . or Enter, or press ? or * to list all spells.
Aiming: Sandblast (safe; 1% risk of failure)
Press: ? - help, Shift-Dir - straight line, f/p - hound
Aim: a hound (severely wounded, 76% to hit)
The blast of sand misses the orc priest.
The blast of sand hits the hound!
You kill the hound!
The orc priest closely misses you. The orc priest misses you.
Okay, then.
It was a potion of might.
You feel very mighty all of a sudden. The orc priest hits you with a +0 mace.
* * * LOW HITPOINT WARNING * * *
It was a potion of lignification.
You turn into a tree.
Your +0 robe melds into your body.
Your roots penetrate the ground.
The orc priest hits you with a +0 mace.
You die...

..... #...# #...#
.# #...###..
###...#.#..#
#.....#.......#
#.##.##.##.#...
####.##.##.##.##.#
#♣...##....##.....
#o######.......#..
#####†#
##.......##.
#.[..)#
#...........
#..o.##
#........##.
###h...#
#.##.....#<.
#.'....#
#....###.###
#.#....# ######
#(.. ...######
###.#


You could see an orc priest.

Vanquished Creatures
  A hound (D:4)
  An orc wizard (D:4)
  4 gnolls (D:3)
  An adder (D:2)
  A worm (D:2)
  5 dart slugs
  2 orcs
  A bat (D:2)
  4 endoplasms
  3 giant cockroaches
  7 goblins
  5 hobgoblins
  3 jackals (D:2)
  A kobold (D:2)
  2 quokkas
  3 ball pythons
  2 frilled lizards
  2 rats
48 creatures vanquished.

Notes
Turn   | Place    | Note
-------+----------+-------------------------------------------
     0 | D:1      | Irreverend the Gargoyle Earth Elementalist began the quest
                  | for the Orb.
     0 | D:1      | Reached XP level 1. HP: 10/10 MP: 3/3
   180 | D:1      | Reached XP level 2. HP: 15/15 MP: 3/5
   182 | D:1      | Reached skill level 4 in Earth Magic
   437 | D:1      | Learned a level 2 spell: Passwall
   647 | D:2      | Reached XP level 3. HP: 18/19 MP: 2/6
   724 | D:2      | Learned a level 3 spell: Stone Arrow
  1095 | D:2      | Found a stormy altar of Qazlal.
  1188 | D:2      | Reached XP level 4. HP: 24/24 MP: 6/8
  1545 | D:3      | Reached skill level 5 in Earth Magic
  1823 | D:3      | Found a burning altar of Makhleb.
  1886 | D:3      | Identified the +4 whip "Fyadghet" {protect, SInv}
  2384 | D:4      | Found a snail-covered altar of Cheibriados.
  2440 | D:4      | Reached XP level 5. HP: 13/28 MP: 4/10
  2444 | D:4      | HP: 1/28 [orc priest/+0 mace (1)]
  2448 | D:4      | Slain by an orc priest

Illustrated notes

Levels and vault maps discovered:
D:1:      dpeg_arrival_water_temple_mockup, layout_rooms
D:2:      layout_basic, basic_altar, nicolae_concentric_dashed_squares_wild
D:3:      layout_loops_ring, lightli_temple_of_fire, serial_glass,
          glass_columns_a, glass_columns_a, glass_columns_a, glass_columns_b,
          glass_columns_c
D:4:      layout_basic, grunt_temple_overflow_open, nicolae_ossuary_entry_ruins,
          serial_shops, kennysheep_mini_moat

Skill      XL: |  1  2  3  4 |
---------------+-------------+-----
Earth Magic    | 4 5 |  5.7
Spellcasting   | 3 |  3.8
Dodging        | |  1.5
Stealth        | |  2.1
Transmutations | |  0.7

Action                     |  1- 3 |  4- 6 || total
---------------------------+-------+-------++-------
   Cast: Sandblast         |    48 |    27 ||    75
         Passwall          |     1 |       ||     1
    Use: Potion            |       |     3 ||     3
 Armour: Robe              |     3 |     4 ||     7
  Dodge: Dodged            |     9 |     7 ||    16
